 Dungeon Crawl Stone Soup version 0.31-a0-740-g87205ac768 (webtiles) character file.

Game seed: 16202184582934405150

367848 MackTheKnife the Crack Shot (level 21, -23/128 HPs)
             Began as a Deep Elf Wanderer on Sept 11, 2023.
             Was a High Priest of Ashenzari.
             Blown up by a conjurer statue (50 damage)
             ... with an orb of destruction
             ... on level 2 of the Depths on Sept 12, 2023.
             The game lasted 01:23:56 (40556 turns).

MackTheKnife the Crack Shot (Deep Elf Wanderer)    Turns: 40556, Time: 01:23:56

Health: -23/128    AC: 27    Str:  8    XL:     21   Next: 63%
Magic:  0/47       EV: 35    Int: 24    God:    Ashenzari [*****.]
Gold:   1432       SH:  0    Dex: 32    Spells: 20/61 levels left

rFire   + . .        a - +9 longbow "Restrained With Me" {elec, Int+3 Dex+3, bow, Range, Dev} (curse)
rCold   + + .        (shield currently unavailable)
rNeg    + + +        R - +3 leather armour of Ashenzari's Fetters {Will+, Self, Fort} (curse)
rPois   ∞            Z - +2 helmet "Oracular Awkwardness" {rElec, Dev, Comp} (curse)
rElec   +            I - +5 cloak "Manifest Submission" {Dex+3, Cun, Range} (curse)
rCorr   .            g - +2 pair of gloves of the Restrained Sophism {Contam rC+ Dex+3, Range, Fort} (curse)
SInv    +            N - +2 pair of boots "Manifest Embarrassment" {rampage, Alch, Cun} (curse)
Will    ++++.        A - amulet of Ashenzari's Augurer {Spirit, Self, Dev} (curse)
Stlth   +++++        i - ring of Ashenzari's Seeker {AC+4, Self, Elem} (curse)
HPRegen 0.41/turn    y - ring of protection from fire
MPRegen 0.30/turn

%: clarity, guardian spirit, rampage
@: death-form, studying Armour
A: vile attack, torment immunity, no potions, reduced hp
}: 2/15 runes: barnacled, gossamer
a: Siphon Essence, Begin Untransformation, Renounce Religion, Shatter the Chains


You were on level 2 of the Depths.
You worshipped Ashenzari.
Ashenzari was extremely pleased with you.
You were an undying horror.
You visited 8 branches of the dungeon, and saw 37 of its levels.
You visited 1 bazaar.
You also visited: Trove, Ice Cave and Wizlab.

You collected 5008 gold pieces.
You spent 3576 gold pieces at shops.


   Skills:
 - Level 11.8(15.9) Fighting
 - Level 21.0(24.7) Ranged Weapons
 - Level 5.6(8.7) Armour
 - Level 17.4(20.3) Dodging
 - Level 5.6(8.7) Stealth
 - Level 2.4(4.9) Shields
 - Level 16.7(20.7) Spellcasting
 - Level 5.5 Conjurations
 - Level 14.2(16.2) Summonings
 - Level 13.5 Translocations
 - Level 4.4(6.4) Transmutations
 - Level 1.7(3.2) Fire Magic
 - Level 8.0(12.2) Evocations
 + Level 18.5(22.4) Shapeshifting


You had 20 spell levels left.
You knew the following spells:

 Your Spells              Type           Power      Damage    Failure   Level
a - Foxfire               Conj/Fire      100%       2x1d9     1%          1
b - Stone Arrow           Conj/Erth      76%        3d11      2%          3
c - Teleport Other        Tloc           74%        N/A       1%          3
d - Passage of Golubria   Tloc           74%        N/A       1%          4
e - Malign Gateway        Summ/Tloc      38%        N/A       4%          7
f - Dimensional Bullseye  Hex/Tloc       27%        N/A       1%          4
g - Dispersal             Tloc           37%        N/A       1%          6
h - Summon Horrible Thin  Summ           40%        N/A       19%         8
i - Irradiate             Conj/Tmut      26%        3d20      5%          5

Your spell library contained the following spells:

 Spells                   Type           Power      Damage    Failure   Level
 Call Canine Familiar     Summ           80%        N/A       0%          3
 Freeze                   Ice            100%       1d10      1%          1
 Shock                    Conj/Air       100%       1d9       1%          1
 Momentum Strike          Conj/Tloc      100%       3d10      1%          2
 Gell's Gravitas          Tloc           74%        N/A       1%          3
 Ignite Poison            Fire/Tmut/Pois 40%        N/A       1%          3
 Iskenderun's Mystic Bla  Conj/Tloc      63%        2d13      1%          4
 Summon Ice Beast         Ice/Summ       59%        N/A       1%          4
 Hailstorm                Conj/Ice       38%        3d9       2%          3
 Cigotuvi's Dreadful Rot  Necr/Pois/Air  52%        N/A       3%          2
 Ensorcelled Hibernation  Hex/Ice        50%        N/A       3%          2
 Jinxbite                 Hex            48%        N/A       3%          2
 Sublimation of Blood     Necr           26%        N/A       3%          2
 Sticky Flame             Conj/Fire      46%        2d6       3%          4
 Swiftness                Air            26%        N/A       6%          3
 Petrify                  Tmut/Erth      41%        N/A       6%          4
 Sigil of Binding         Hex            24%        N/A       7%          3
 Tukima's Dance           Hex            24%        N/A       7%          3
 Fulminant Prism          Conj/Hex       19%        3d10      8%          4
 Yara's Violent Unravell  Hex/Tmut       20%        3d9       17%         5
 Airstrike                Air            13%        2d(2-18)  21%         4
 Animate Dead             Necr           26%        N/A       21%         4
 Arcjolt                  Conj/Air       19%        1d29      21%         5
 Anguish                  Hex/Necr       12%        N/A       22%         4
 Cause Fear               Hex            12%        N/A       22%         4
 Leda's Liquefaction      Hex/Erth       12%        N/A       22%         4
 Freezing Cloud           Conj/Ice/Air   17%        6-21      28%         5
 Borgnjor's Vile Clutch   Necr/Erth      13%        N/A       50%         5
 Lee's Rapid Deconstruct  Erth           13%        3d9*      50%         5
 Metabolic Englaciation   Hex/Ice        12%        N/A       52%         5
 Silence                  Hex/Air        12%        N/A       52%         5
 Haunt                    Necr/Summ      29%        N/A       54%         7
 Leda's Unmaking          Conj/Erth      19%        9d4       73%         6
 Death Channel            Necr           13%        N/A       97%         6
 Simulacrum               Ice/Necr       13%        N/A       97%         6
 Enfeeble                 Hex            12%        N/A       100%        7
 Infestation              Necr           13%        N/A       100%        8
 Lehudib's Crystal Spear  Conj/Erth      19%        10d6      100%        8

Inventory:

Hand Weapons
 a - the cursed +9 longbow "Restrained With Me" (weapon) {elec, Int+3 Dex+3, bow, Range, Dev}
   (You found it on level 2 of the Dungeon)

   Int+3:     It affects your intelligence (+3).
   Dex+3:     It affects your dexterity (+3).
   It has a curse which improves the following skills: Ranged Combat: Ranged
   Weapons and Throwing.
   Devices:   Evocations and Shapeshifting.
 B - the +27 heavy crossbow "Sniper" {heavy, Acc+∞ SInv}
   (You found it on level 1 of the Depths)

   Acc+∞: It never misses its target.
   SInv:      It lets you see invisible.
Armour
 b - +2 pearl dragon scales {rare=g}
   (You found it on level 4 of the Vaults)
 g - the cursed +2 pair of gloves of the Restrained Sophism (worn) {Contam rC+ Dex+3, Range, Fort}
   (You found it in a treasure trove)

   Dex+3:     It affects your dexterity (+3).
   rC+:       It protects you from cold.
   Contam:    It causes magical contamination when unequipped.
   It has a curse which improves the following skills: Ranged Combat: Ranged
   Weapons and Throwing.
   Fortitude: Armour and Shields.
 I - the cursed +5 cloak "Manifest Submission" (worn) {Dex+3, Cun, Range}
   (You found it on level 2 of the Shoals)

   Dex+3:     It affects your dexterity (+3).
   It has a curse which improves the following skills: Cunning: Dodging and
   Stealth.
   Ranged Combat: Ranged Weapons and Throwing.
 N - the cursed +2 pair of boots "Manifest Embarrassment" (worn) {rampage, Alch, Cun}
   (You found it on level 2 of the Orcish Mines)

   It has a curse which improves the following skills: Alchemy: Poison Magic and
   Transmutations.
   Cunning:   Dodging and Stealth.
 R - the cursed +3 leather armour of Ashenzari's Fetters (worn) {Will+, Self, Fort}
   (You took it off an orc on level 2 of the Orcish Mines)

   It has a curse which improves the following skills: Introspection: Fighting
   and Spellcasting.
   Fortitude: Armour and Shields.
 Z - the cursed +2 helmet "Oracular Awkwardness" (worn) {rElec, Dev, Comp}
   (You found it on level 2 of the Shoals)

   rElec:     It insulates you from electricity.
   It has a curse which improves the following skills: Devices: Evocations and
   Shapeshifting.
   Companions: Summonings and Necromancy.
Jewellery
 i - the cursed ring of Ashenzari's Seeker (left hand) {AC+4, Self, Elem}
   (You took it off a hobgoblin on level 2 of the Dungeon)

   [ring of protection]

   AC+4:      It affects your AC (+4).
   It has a curse which improves the following skills: Introspection: Fighting
   and Spellcasting.
   Elements:  Fire Magic, Ice Magic, Air Magic and Earth Magic.
 y - a ring of protection from fire (right hand)
   (You bought it in a shop on level 1 of the Depths)
 A - the cursed amulet of Ashenzari's Augurer (around neck) {Spirit, Self, Dev}
   (You bought it in a shop on level 10 of the Dungeon)

   [amulet of guardian spirit]

   Spirit:    It causes incoming damage to be divided between your reserves of
   health and magic.
   It has a curse which improves the following skills: Introspection: Fighting
   and Spellcasting.
   Devices:   Evocations and Shapeshifting.
Talismans
 H - a talisman of death (active)
   (You found it on level 15 of the Dungeon)
Wands
 w - a wand of paralysis (30)
   (You found it on level 7 of the Dungeon)
 D - a wand of digging (8)
   (You found it on level 1 of the Lair of Beasts)
 F - a wand of roots (21)
   (You found it on level 1 of the Lair of Beasts)
 G - a wand of polymorph (4)
   (You found it on level 4 of the Lair of Beasts)
 J - a wand of light (18)
   (You found it on level 2 of the Lair of Beasts)
 L - a wand of mindburst (16)
   (You found it on level 5 of the Lair of Beasts)
 M - a wand of flame (36)
   (You found it on level 12 of the Dungeon)
Scrolls
 c - 4 scrolls of fog
 d - 4 scrolls of blinking {!r}
 e - a scroll of enchant armour
 k - 8 scrolls of revelation
 l - 2 scrolls of torment {!r}
 n - 2 scrolls of brand weapon
 o - 12 scrolls of enchant weapon
 q - 14 scrolls of teleportation {@r4}
 r - 5 scrolls of poison {!r}
 u - 6 scrolls of immolation {!r!r}
 z - 6 scrolls of butterflies
 E - 6 scrolls of fear
 O - 4 scrolls of vulnerability {!r!r}
 Y - a scroll of silence {!r}
Potions
 f - 5 potions of brilliance
 h - 5 potions of cancellation
 m - a potion of invisibility
 p - 3 potions of attraction {!q}
 s - 4 potions of mutation {!q}
 t - 17 potions of haste {@q3}
 v - 5 potions of lignification {!q}
 x - 14 potions of curing {@q1}
 C - 12 potions of might
 K - a potion of berserk rage {!q}
 P - a potion of resistance
 W - 4 potions of enlightenment
Miscellaneous
 j - a phantom mirror
   (You found it on level 4 of the Shoals)
 S - a tin of tremorstones (2/2) {throwing}
   (You bought it in a shop on level 2 of the Orcish Mines)
 X - a phial of floods
   (You found it on level 2 of the Shoals)

Dungeon Overview and Level Annotations

Branches:
Dungeon (15/15) Zot: 25699  Temple (1/1) D:6 Zot: 5998    Lair (5/5) D:10 Zot: 24038
 Shoals (4/4) Lair:2 Zot: 20016  Spider (4/4) Lair:2 Zot: 19412   Slime (0/5) Lair:4
    Orc (2/2) D:12 Zot: 9962     Elf (0/3) Orc:2        Vaults (4/5) D:13 Zot: 17600
  Crypt (0/3) Vaults:2     Depths (2/4) D:15 Zot: 10194   IceCv (visited)
 WizLab (visited)

Altars:
Ashenzari
Cheibriados
Dithmenos
Elyvilon
Fedhas
Gozag
Hepliaklqana
Kikubaaqudgha
Makhleb
Nemelex Xobeh
Okawaru
Qazlal
Ru
Sif Muna
Trog
Uskayaw
Vehumet
Wu Jian
Xom
Yredelemnul
Zin
The Shining One
Jiyva

Shops:
D:5 :   D:9 :   D:10 =   Orc:1 :[   Orc:2 :*?(   Shoals:4 **   Vaults:3 [
Depths:1 :=:

Portals:
Hell: Depths:1
Abyss: Depths:1

Annotations:
D:15 Roxanne
Lair:1 2 transporters, 6 runed translucent doors, Dirtsage's ghost, journeyman DsSh
Shoals:2 Ruadaysu's ghost, adept NaSh
Shoals:4 2 transporters, NigelTetley's ghost, adept DgGl
Vaults:4 1 runed translucent door, Nizokhlo's ghost, veteran DrCj
Depths:2 exclusion: statue

*,,+,,,,,+,∆,,,* #
*,,**##*******+* #
**+*##8#8*8*8*,* ####
,,,##.○.,,,,,,,* #..'
***#8.○.,∆,,,,{*######.##
** ##..°**8*8####'.....##
,* #8..○8***##8###.###.##
,***#..○#####.†..#.# #.##
,{,,+..○z...)...(..# #.##
,***#..○#####....#.# #.#
,* #8..○8***##8###.# #.#
** ##.*○**8*8#####.###.##
** #8.○.,,,,,,8*#........
,**##.°.,,{,,,**#..##.###
,,8*##.#8*8*,,8*#####'###
,,***##*****,,**####.....
,,8**,,,,,,,,,8*#..'.....


You could see a conjurer statue.


Message History

The spriggan air mage misses you.
You shoot an arrow.
The arrow completely misses the spriggan air mage.
The spriggan air mage closely misses you.
You shoot an arrow.
The arrow misses the spriggan air mage. 😎 MP[+1]
Your mp is fully restored (47).
You shoot an arrow. The arrow misses the spriggan air mage.
The spriggan air mage hits you but does no damage.
You shoot an arrow. The arrow hits the spriggan air mage!!!
You kill the spriggan air mage!
No target in view!
No target in view!
Things that are here:
a +0 robe; a spriggan corpse
Things that are here:
a +0 robe; a spriggan corpse You see here a +0 barding.
Key pressed, stopping explore.
t - 17 potions of haste {@q3} (gained 1) Key pressed, stopping explore.
You pick up a Trismegistus Codex and begin reading...
Unfortunately, you learned nothing new.
You open the door.
There is an open door here.
You open the door.
There is an open door here.
You sense a monster nearby.
A tengu conjurer comes into view.
A tengu conjurer is nearby!
You shoot an arrow. The arrow hits the tengu conjurer!!
The tengu conjurer shouts!
A deep elf annihilator comes into view. It is wielding a +0 dagger.
Casting: Malign Gateway (dangerous; 4% risk of failure)
Confirm with . or Enter, or press ? or * to list all spells.
You need more open space to create a gateway.
You shoot an arrow. The deep elf annihilator shouts!
The arrow hits the tengu conjurer!!
You kill the tengu conjurer!
You shoot an arrow.
The arrow hits the deep elf annihilator.
Lightning courses through the deep elf annihilator!
You shoot an arrow.
The arrow hits the deep elf annihilator!!
The deep elf annihilator gestures wildly while chanting.
The deep elf annihilator blinks!
No target in view!
No target in view!
No target in view!
You sense a monster nearby.
You shoot an arrow.
The arrow hits the deep elf annihilator!
You shoot an arrow.
The arrow hits the deep elf annihilator!
Lightning courses through the deep elf annihilator!
You kill the deep elf annihilator! 😎 HP[+1]
You now have 128 max hp (+1).
Your hp is fully restored (128).
No target in view!
No target in view!
No target in view!
You can't unwield your weapon to draw a new one!
Unknown command.
You open the door.
There is an open door here.
You open the door.
There is an open door here.
Key pressed, stopping explore.
You open the door.
There is an open door here.
Key pressed, stopping explore.
You see here 3 stones {throwing}.
Things that are here:
a +0 dagger {short}; a +0 ring mail You open the door.
You sense a monster nearby. 2 conjurer statues come into view.
Marking area around 2 conjurer statues as unsafe for travelling.
There is an open door here.
You shoot an arrow.
The arrow hits the conjurer statue but does no damage.
You shoot an arrow. The arrow hits the conjurer statue!!!
You hear a shout!
The conjurer statue launches a ball of destructive magic.
An orb of destruction comes into view.
You shoot an arrow. The arrow hits the conjurer statue!
The conjurer statue conjures an orb of pure magic.
The conjurer statue conjures a glowing orb. 2 orbs of destruction come into view.
You shoot an arrow. The arrow hits the conjurer statue!!
The conjurer statue conjures a glowing orb.
An orb of destruction comes into view.
You shoot an arrow. The arrow hits the conjurer statue!!
You destroy the conjurer statue!
You shoot an arrow. The arrow hits the conjurer statue!!
The orb of destruction hits you!!! The orb of destruction hits you!!!!
* * * LOW HITPOINT WARNING * * *
The orb of destruction hits you!!!
You die...

Skill      XL: |  1  2  3  4  5  6  7  8  9 10 11 12 13 14 15 16 17 18 19 20 21 |
---------------+----------------------------------------------------------------+-----
Spellcasting   | 2 3 9 10 12 13 16 | 16.7
Fire Magic     | 1 |  1.7
Conjurations   | 3 5 |  5.5
Ranged Weapons | 2 4 6 8 11 14 17 19 21 | 21.0
Fighting       | 5 7 11 | 11.8
Dodging        | 7 10 14 17 | 17.4
Armour         | 2 4 5 |  5.6
Translocations | 1 5 9 12 13 | 13.5
Evocations     | 7 8 |  8.0
Summonings     | 7 12 14 | 14.2
Transmutations | 4 |  4.4
Stealth        | 5 |  5.6
Shapeshifting  | 6 8 15 18 | 18.5
Shields        | |  2.4

Action                     |  1- 3 |  4- 6 |  7- 9 | 10-12 | 13-15 | 16-18 | 19-21 || total
---------------------------+-------+-------+-------+-------+-------+-------+-------++-------
  Melee: Mace              |    15 |       |       |       |       |       |       ||    15
   Fire: Longbow           |    19 |    77 |   181 |   461 |  1228 |  1301 |   829 ||  4096
   Cast: Foxfire           |    47 |       |       |       |       |     1 |       ||    48
         Passage of Golubr |       |       |       |     1 |    10 |     4 |     1 ||    16
         Teleport Other    |       |       |       |       |     1 |       |       ||     1
         Malign Gateway    |       |       |       |       |     1 |    41 |    24 ||    66
         Dimensional Bulls |       |       |       |       |       |    22 |    16 ||    38
         Summon Horrible T |       |       |       |       |       |     5 |    12 ||    17
         Irradiate         |       |       |       |       |       |     3 |       ||     3
         Dispersal         |       |       |       |       |       |     3 |     2 ||     5
 Invoke: Curse Item        |       |     1 |     2 |     4 |     3 |     4 |     2 ||    16
         Shatter the Chain |       |       |       |       |     2 |     3 |     3 ||     8
  Evoke: Wand              |       |       |       |       |     2 |     3 |     2 ||     7
         Tin of tremorston |       |       |       |       |       |     1 |     3 ||     4
    Use: Scroll            |       |       |     1 |     1 |     5 |     5 |     2 ||    14
         Potion            |       |       |       |       |       |     5 |       ||     5
 Armour: Robe              |    22 |     1 |       |       |       |       |       ||    23
         Leather armour    |       |     6 |    24 |    37 |    95 |   178 |   133 ||   473
         Acid dragon scale |       |       |       |       |    27 |       |       ||    27
         Troll leather arm |       |       |       |       |     2 |       |       ||     2
  Dodge: Dodged            |    28 |     9 |    40 |    64 |   334 |   681 |   314 ||  1470
  Block: Buckler           |    12 |       |       |       |       |       |       ||    12
   Form: Death             |       |       |       |       |       |       |     2 ||     2
                           |       |       |       |       |       |       |     1 ||     1

Levels and vault maps discovered:
D:1:      psy_arrival_basics, layout_basic, minmay_pentomino_z4
D:2:      layout_basic, basic_altar, shapermc_ecumenical_altar_acropolis,
          patterned_corridor, uniq_natasha
D:3:      layout_rooms, serial_park_tiny_pond
D:4:      corexii_shack_village, layout_basic, nicolae_sif_muna_condensation,
          yredelemnul_forgotten_temple_becter
D:5:      layout_basic, kennysheep_mini, tso_metal_star, grunt_dithmenos_smoke,
          gammafunk_temple_overflow_pools, serial_shops, shop,
          grunt_ministairs_1, kennysheep_generic_room_9, uniq_grinder
D:6:      layout_loops_ring, mainiacjoe_overflow_cross_hatched,
          lemuel_temple_firewalk_b, lightli_sewer_entry_pipes
D:7:      layout_cave_pools, eat_drink_and_be_merry_uskayaw, solitary_fountain,
          uniq_prince_ribbit1, uniq_joseph, uniq_menkaure
D:8:      layout_rooms, minivault_11, uniq_grum
D:9:      layout_irregular_city, serial_shops,
          nicolae_shop_tiny_real_fake_doors, uniq_erica
D:10:     layout_small_grid, minmay_lair_entry_grove, serial_shops, shop
D:11:     layout_basic, serial_ice, serial_ice_m, serial_ice_g, serial_ice_f,
          serial_ice_c, serial_ice_k, serial_ice_o, serial_ice_n, serial_ice_a,
          serial_ice_e, serial_ice_h, grunt_ministairs_12, zin_statuary
D:12:     layout_loops_ring, david_orc_5
D:13:     layout_rooms, erik_vaults_1
D:14:     layout_loops_ring, grunt_decor_clamped, uniq_nessos
D:15:     hangedman_depths_entry_civil_slaughter, layout_loops_cross,
          dreamdust_princess_bridge, gammafunk_ghost_arena, nrook_uturn,
          uniq_rupert, uniq_roxanne
Temple:   cyrus_circular_temple
Lair:1:   gammafunk_indiana_jones, layout_chaotic_city, nzn_ghost_randoct,
          nicolae_quartered_pool_little, ldierk_geyser
Lair:2:   layout_loops_ring, elwin_shoals_entry_rooms,
          nicolae_spider_entry_orb_guardian, minmay_holes,
          chequers_serial_rivers_marsh
Lair:3:   layout_cave_pods, st_stairs_9
Lair:4:   layout_hall_layers, slime_entry_1, hellmonk_ghost_happy_afterlife,
          st_stairs_3, uniq_sonja, uniq_kirke
Lair:5:   wormcave, layout_hall_layers, hangedman_lair_caniforms_friends,
          st_stairs_10, grunt_megastairs_1
Shoals:1: layout_shoals, portal_ice_cave_entry_frozen_things,
          nicolae_shoals_drake_roost
Shoals:2: layout_shoals, serial_shops, statue_bzr, gammafunk_ghost_tricky_traps
Shoals:3: layout_shoals, nicolae_shoals_beach_house_on_fowls_legs,
          uniq_polyphemus
Shoals:4: shoals_end_simple, layout_shoals, ebering_ghost_davey_jones,
          nicolae_specific_store, uniq_louise
Spider:1: layout_spider_delve, uniq_asterion
Spider:2: layout_spider_delve, nicolae_spider_jagged_tunnels
Spider:3: layout_spider_delve, spiders_nest_spider_trap, uniq_arachne
Spider:4: grunt_spider_rune_circles
Orc:1:    layout_caves, serial_shops, nicolae_shop_tiny_statue_garden, shop,
          uniq_snorg
Orc:2:    st_orc_elflike, layout_diamond_mine, biasface_ghost_orc_armoury,
          basic_altar, uniq_erolcha
Vaults:1: mu_enter_wizlab_6, grunt_vaults_funnel, st_star, grunt_vaults_focal,
          ontoclasm_vaults_shuriken, nicolae_vaults_house_1,
          nicolae_vaults_back_hallway, nicolae_vaults_closet_pinwheel_4,
          layout_vaults_omnigrid
Vaults:2: minmay_crypt_entry_necro_gods, v_misc_9, v_misc_27,
          vaults_room_door_hall, nicolae_vaults_tangram_1,
          hangedman_vaults_slice, vaults_dpeg_cross, v_misc_3,
          nicolae_vaults_double_plus_3, v_misc_9, ontoclasm_vaults_pinch,
          ontoclasm_vaults_ring_square, nicolae_vaults_apartment_1,
          nicolae_vaults_storing_the_good_stuff, nicolae_vaults_lightning_bolt,
          v_misc_13, layout_vaults_omnibox
Vaults:3: grunt_vaults_twisty, v_rooms_4, nicolae_vaults_trapezoid_2,
          dpeg_vaults_monster_row, v_alt_pattern_5,
          nicolae_vaults_tetromino_T_1, nicolae_vaults_wine_cellar,
          nicolae_vaults_little_squares_3, nicolae_vaults_house_1,
          ontoclasm_vaults_gateway, nicolae_vaults_diamond_1,
          nicolae_vaults_taking_the_gang_shopping, layout_vaults_big_room,
          uniq_frederick
Vaults:4: ebering_ghost_reflecting_pool, ontoclasm_vaults_bender,
          hangedman_vaults_cutoff, hangedman_vaults_capsules,
          hangedman_vaults_stagger, nicolae_vaults_weapon_check,
          hangedman_vaults_variations, v_misc_5, layout_vaults_maze_snakey,
          nicolae_trove_entry_diagonal
Depths:1: layout_gridlike, lemuel_doored_altar, hell_entry, abyss_entry,
          hangedman_abyss_or_decor_stagger, roderic_serpentine_path,
          hangedman_eye_storm, minmay_shop_grove, uniq_bai_suzhen
Depths:2: evilmike_halls_of_destruction, layout_gridlike, hellmouth_2,
          grunt_pan_entry_sceptre, nicolae_sextant

Notes
Turn   | Place    | Note
-------+----------+-------------------------------------------
     0 | D:1      | MackTheKnife the Deep Elf Wanderer began the quest for the
                  | Orb.
     0 | D:1      | MackTheKnife set off with the following items: a +0 dagger
                  | {short}, a +0 pair of boots, a scroll of fog, a +0 robe, a
                  | +2 buckler; and the following spell memorised: Foxfire; and
                  | the following spells available to memorise: Stone Arrow.
     0 | D:1      | Reached XP level 1. HP: 10/10 MP: 5/5
     0 | D:1      | magus.rc [v1.9.6]
   139 | D:1      | Reached skill level 2 in Spellcasting
   227 | D:1      | Reached XP level 2. HP: 15/15 MP: 2/7
   322 | D:1      | Reached skill level 1 in Fire Magic
   603 | D:1      | You add the spells Gell's Gravitas, Teleport Other and
                  | Dispersal to your library.
   788 | D:1      | Reached XP level 3. HP: 19/19 MP: 7/9
  1006 | D:1      | Learned a level 3 spell: Stone Arrow
  1234 | D:2      | Reached skill level 3 in Spellcasting
  1268 | D:2      | Identified the +9 longbow of Anxiety {elec, Int+3 Dex+3}
  1295 | D:2      | Found a faded altar of an unknown god.
  1429 | D:2      | Reached skill level 3 in Conjurations
  1554 | D:2      | Found a broken altar of Ashenzari.
  1585 | D:2      | Reached skill level 1 in Ranged Weapons
  1603 | D:2      | Became a worshipper of Ashenzari the Shackled
  1685 | D:2      | Reached skill level 2 in Ranged Weapons
  1685 | D:2      | Reached XP level 4. HP: 24/24 MP: 10/10
  1737 | D:2      | Noticed Natasha
  1738 | D:2      | Killed Natasha
  1739 | D:2      | Reached skill level 3 in Ranged Weapons
  1935 | D:2      | You pick up a book of the Moon and begin reading...
  1935 | D:2      | You add the spells Passage of Golubria, Silence and
                  | Lehudib's Crystal Spear to your library.
  2103 | D:2      | Noticed Natasha
  2105 | D:2      | Killed Natasha
  2106 | D:2      | Reached skill level 4 in Ranged Weapons
  2106 | D:2      | Reached XP level 5. HP: 23/28 MP: 11/11
  2265 | D:3      | You pick up a book of Air and begin reading...
  2265 | D:3      | You add the spells Shock, Swiftness and Airstrike to your
                  | library.
  2312 | D:3      | You pick up a book of Alchemy and begin reading...
  2312 | D:3      | You add the spells Sublimation of Blood, Petrify and
                  | Irradiate to your library.
  2328 | D:3      | You add the spells Malign Gateway and Summon Horrible
                  | Things to your library.
  2439 | D:3      | Reached skill level 5 in Ranged Weapons
  2631 | D:4      | Found a basalt altar of Yredelemnul.
  2682 | D:4      | You add the spells Sticky Flame and Arcjolt to your
                  | library.
  2682 | D:4      | Got the Directory of Ozone and Hurting
  2708 | D:4      | Reached skill level 6 in Ranged Weapons
  2708 | D:4      | Reached XP level 6. HP: 33/33 MP: 13/13
  2834 | D:4      | Found a shimmering blue altar of Sif Muna.
  3088 | D:4      | Reached skill level 7 in Ranged Weapons
  3387 | D:5      | Entered Level 5 of the Dungeon
  3389 | D:5      | Found a shadowy altar of Dithmenos.
  3411 | D:5      | Reached skill level 8 in Ranged Weapons
  3411 | D:5      | Reached XP level 7. HP: 37/37 MP: 14/14
  3487 | D:5      | Noticed Grinder
  3488 | D:5      | Paralysed by Grinder for 5 turns
  3494 | D:5      | Killed Grinder
  3495 | D:5      | Reached skill level 9 in Ranged Weapons
  3503 | D:5      | Reached * piety under Ashenzari
  3547 | D:5      | Reached skill level 10 in Ranged Weapons
  3783 | D:5      | Reached skill level 11 in Ranged Weapons
  3783 | D:5      | Reached XP level 8. HP: 23/43 MP: 15/15
  3919 | D:5      | Found a glowing golden altar of the Shining One.
  3980 | D:5      | Found Zefoisau's Book Boutique.
  4014 | D:5      | You pick up a book of Dreams and begin reading...
  4014 | D:5      | You add the spells Jinxbite, Ensorcelled Hibernation and
                  | Anguish to your library.
  4228 | D:5      | Found a hazy altar of Hepliaklqana.
  4332 | D:5      | Found an ancient bone altar of Kikubaaqudgha.
  4332 | D:5      | Found a sparkling altar of Nemelex Xobeh.
  4337 | D:5      | Reached skill level 12 in Ranged Weapons
  4605 | D:6      | Reached skill level 13 in Ranged Weapons
  4623 | D:6      | Found a shimmering altar of Xom.
  4815 | D:6      | Reached skill level 14 in Ranged Weapons
  5095 | D:6      | Reached XP level 9. HP: 43/47 MP: 16/16
  5202 | D:6      | Found a staircase to the Ecumenical Temple.
  5211 | Temple   | Entered the Ecumenical Temple
  5378 | D:7      | Noticed Joseph
  5382 | D:7      | HP: 9/47 [Joseph/sling bullet (12)]
  5636 | D:7      | Noticed Menkaure
  5639 | D:7      | Killed Menkaure
  5712 | D:7      | Killed Joseph
  5713 | D:7      | Reached skill level 15 in Ranged Weapons
  5864 | D:7      | Noticed Prince Ribbit
  5865 | D:7      | Killed Prince Ribbit
  5866 | D:7      | Reached skill level 16 in Ranged Weapons
  5887 | D:7      | Reached ** piety under Ashenzari
  6106 | D:7      | Found a hide-covered altar of Uskayaw.
  6393 | D:8      | Noticed a troll
  6396 | D:8      | Killed a troll
  6397 | D:8      | Reached skill level 17 in Ranged Weapons
  6499 | D:8      | Reached XP level 10. HP: 47/52 MP: 18/18
  6546 | D:8      | Reached *** piety under Ashenzari
  6559 | D:8      | Reached skill level 1 in Fighting
  6698 | D:8      | Reached skill level 3 in Dodging
  6717 | D:8      | Noticed Grum
  6720 | D:8      | Killed Grum
  6724 | D:8      | Reached skill level 2 in Fighting
  6742 | D:8      | Reached skill level 4 in Dodging
  7054 | D:9      | Reached skill level 3 in Fighting
  7054 | D:9      | Reached skill level 5 in Dodging
  7091 | D:9      | Found Qoredd's Book Shoppe.
  7273 | D:9      | Noticed Erica
  7279 | D:9      | Killed Erica
  7280 | D:9      | Reached skill level 4 in Fighting
  7280 | D:9      | Reached skill level 6 in Dodging
  7629 | D:10     | Entered Level 10 of the Dungeon
  7629 | D:10     | Found a staircase to the Lair.
  7682 | D:10     | Reached skill level 7 in Dodging
  7717 | D:10     | Reached skill level 2 in Armour
  7728 | D:9      | HP: 15/60 [yak (9)]
  7733 | D:9      | HP: 8/61 [poisoned by a water moccasin]
  7738 | D:9      | HP: 4/61 [poisoned by a water moccasin]
  7951 | D:10     | Reached skill level 5 in Fighting
  7974 | D:10     | Reached XP level 11. HP: 66/66 MP: 19/19
  7996 | D:9      | Reached skill level 8 in Dodging
  8039 | D:10     | Reached skill level 3 in Armour
  8173 | D:10     | Found Qoli's Jewellery Emporium.
  8185 | D:10     | Bought an amulet of guardian spirit for 420 gold pieces
  8840 | D:11     | Reached skill level 6 in Fighting
  8840 | D:11     | Reached skill level 4 in Armour
  8840 | D:11     | Reached skill level 9 in Dodging
  8910 | D:11     | Reached **** piety under Ashenzari
  9283 | D:11     | Reached skill level 10 in Dodging
  9292 | D:11     | Reached skill level 7 in Fighting
  9360 | D:11     | Found a glowing silver altar of Zin.
  9572 | D:11     | Learned a level 3 spell: Teleport Other
  9577 | D:11     | Learned a level 4 spell: Passage of Golubria
  9701 | Lair:1   | Entered Level 1 of the Lair of Beasts
  9709 | Lair:1   | Reached skill level 1 in Translocations
  9720 | Lair:1   | Found a transporter.
  9736 | Lair:1   | Noticed Dirtsage's ghost (journeyman DsSh)
  9846 | Lair:1   | Reached XP level 12. HP: 77/77 MP: 23/23
  9870 | Lair:1   | Reached skill level 4 in Spellcasting
  9870 | Lair:1   | Reached skill level 2 in Translocations
  9913 | Lair:1   | Reached skill level 3 in Translocations
  9916 | Lair:1   | Reached skill level 5 in Spellcasting
  9953 | Lair:1   | Found a transporter.
  9957 | Lair:1   | Noticed a death yak
  9961 | Lair:1   | Noticed a boulder beetle
 10031 | Lair:1   | You pick up a book of the Tundra and begin reading...
 10031 | Lair:1   | You add the spells Hailstorm, Summon Ice Beast and
                  | Simulacrum to your library.
 10218 | Lair:1   | Reached skill level 6 in Spellcasting
 10218 | Lair:1   | Reached skill level 4 in Translocations
 10359 | Lair:1   | Found a runed translucent door.
 10395 | Lair:1   | Reached skill level 7 in Spellcasting
 10395 | Lair:1   | Reached skill level 5 in Translocations
 10587 | Lair:1   | Found a runed translucent gate.
 10587 | Lair:1   | Found a runed translucent gate.
 10587 | Lair:1   | Found a runed translucent gate.
 10587 | Lair:1   | Found a runed translucent gate.
 10588 | Lair:1   | Found a runed translucent gate.
 10588 | Lair:1   | Noticed a boulder beetle
 10593 | Lair:1   | Found a runed translucent gate.
 10594 | Lair:1   | Noticed a boulder beetle
 10717 | Lair:2   | Reached skill level 8 in Spellcasting
 10922 | Lair:2   | Reached skill level 9 in Spellcasting
 10961 | Lair:2   | Noticed a five-headed hydra
 10966 | Lair:2   | Killed a five-headed hydra
 10967 | Lair:2   | Reached skill level 2 in Evocations
 10969 | Lair:2   | Reached skill level 3 in Evocations
 11096 | Lair:2   | Reached skill level 4 in Evocations
 11108 | Lair:2   | Reached skill level 5 in Evocations
 11135 | Lair:2   | Reached ***** piety under Ashenzari
 11253 | Lair:2   | Found a hole to the Spider Nest.
 11256 | Lair:2   | Reached skill level 6 in Evocations
 11336 | Lair:2   | Reached skill level 7 in Evocations
 11478 | Lair:2   | Found a staircase to the Shoals.
 11593 | Lair:3   | Noticed a boulder beetle
 11600 | Lair:3   | Reached XP level 13. HP: 83/83 MP: 31/31
 11622 | Lair:3   | Reached skill level 8 in Evocations
 11912 | Lair:3   | Reached skill level 10 in Spellcasting
 12553 | Lair:3   | Learned a level 7 spell: Malign Gateway
 12580 | Lair:4   | Reached skill level 6 in Translocations
 12694 | Lair:4   | Reached skill level 7 in Translocations
 12695 | Lair:4   | Noticed Kirke
 12706 | Lair:4   | Killed Kirke
 12765 | Lair:4   | Reached skill level 8 in Translocations
 12875 | Lair:4   | Reached skill level 9 in Translocations
 12885 | Lair:4   | Noticed Sonja
 12889 | Lair:4   | Killed Sonja
 12920 | Lair:4   | Noticed Gruesome's ghost (journeyman GrEE)
 12934 | Lair:4   | Found a runed translucent door.
 12937 | Lair:4   | Found a staircase to the Slime Pits.
 12938 | Lair:4   | Found a viscous altar of Jiyva.
 13056 | Lair:4   | You pick up a book of Weapons and begin reading...
 13056 | Lair:4   | You add the spells Tukima's Dance, Dimensional Bullseye and
                  | Iskenderun's Mystic Blast to your library.
 13321 | Lair:4   | Killed Gruesome's ghost
 13322 | Lair:4   | Reached skill level 1 in Summonings
 13414 | Lair:5   | Entered Level 5 of the Lair of Beasts
 13420 | Lair:5   | Reached skill level 2 in Summonings
 13467 | Lair:5   | Reached skill level 3 in Summonings
 13520 | Lair:4   | Reached skill level 4 in Summonings
 13642 | Lair:5   | Reached skill level 5 in Summonings
 13693 | Lair:5   | Reached skill level 6 in Summonings
 13790 | Lair:5   | Reached skill level 7 in Summonings
 13796 | Lair:5   | Reached XP level 14. HP: 81/90 MP: 28/35
 13896 | Lair:5   | Reached skill level 8 in Summonings
 14004 | Lair:5   | Reached skill level 9 in Summonings
 14098 | Lair:5   | Identified the Annotations on the Kinetic Storm
 14101 | Lair:5   | You add the spells Momentum Strike and Fulminant Prism to
                  | your library.
 14318 | Lair:5   | Found a runed translucent door.
 14360 | Lair:5   | Reached skill level 10 in Translocations
 14423 | Lair:5   | Reached skill level 10 in Summonings
 14569 | Lair:5   | You pick up a book of the Earth and begin reading...
 14569 | Lair:5   | You add the spells Leda's Liquefaction, Lee's Rapid
                  | Deconstruction and Leda's Unmaking to your library.
 14843 | Lair:5   | Reached skill level 11 in Translocations
 14870 | Lair:5   | Reached skill level 11 in Summonings
 15963 | D:12     | Reached skill level 12 in Translocations
 16164 | D:12     | Found a staircase to the Orcish Mines.
 16338 | D:12     | Reached skill level 12 in Summonings
 16492 | Orc:1    | Entered Level 1 of the Orcish Mines
 16492 | Orc:1    | Noticed Snorg
 16508 | Orc:1    | Killed Snorg
 16688 | Orc:1    | Reached XP level 15. HP: 93/93 MP: 35/35
 16720 | Orc:1    | Found Fyigg's Book Boutique.
 16741 | Orc:1    | Found Ytiwyqic's Antique Armour Boutique.
 16749 | Orc:1    | Bought a pair of glowing gloves for 165 gold pieces
 16907 | Orc:2    | Entered Level 2 of the Orcish Mines
 17140 | Orc:2    | Paralysed by an orc sorcerer for 4 turns
 17371 | Orc:2    | Found a staircase to the Elven Halls.
 17594 | Orc:2    | Found a runed translucent gate.
 17595 | Orc:2    | Found a runed translucent gate.
 17596 | Orc:2    | Found a runed translucent gate.
 17598 | Orc:2    | Noticed Calechis's ghost (journeyman VSSh)
 17759 | Orc:2    | Found Cackur's Book Boutique.
 17770 | Orc:2    | Found Defeaniurou's Magic Scroll Shoppe.
 17785 | Orc:2    | Found Zinabb's Antique Weapon Shoppe.
 17787 | Orc:2    | Found Gulumaynk's General Store.
 17796 | Orc:2    | Bought a tin of tremorstones (2/2) for 480 gold pieces
 17846 | Orc:2    | Bought a scroll of teleportation for 42 gold pieces
 17846 | Orc:2    | Bought 3 scrolls of teleportation for 126 gold pieces
 17891 | Orc:2    | Reached skill level 13 in Translocations
 17922 | Orc:2    | Reached skill level 13 in Summonings
 17998 | Orc:2    | Noticed Erolcha
 18000 | Orc:2    | Killed Erolcha
 18378 | D:5      | Bought a manual of Dodging for 1120 gold pieces
 18740 | Orc:2    | Killed Calechis's ghost
 19245 | D:13     | Reached skill level 11 in Spellcasting
 19334 | D:13     | Found a gate to the Vaults.
 19681 | D:14     | Noticed Nessos
 19686 | D:14     | Killed Nessos
 19774 | D:14     | You pick up a book of the Hunter and begin reading...
 19774 | D:14     | You add the spells Sigil of Binding and Call Canine
                  | Familiar to your library.
 20019 | D:14     | Reached skill level 12 in Spellcasting
 20025 | D:14     | Reached skill level 14 in Summonings
 20649 | D:14     | Upgraded the game from 0.31-a0-728-g01b46875f1 to
                  | 0.31-a0-740-g87205ac768
 20649 | D:14     | magus.rc [v1.9.6]
 20674 | D:15     | Entered Level 15 of the Dungeon
 20702 | D:15     | Reached skill level 11 in Dodging
 20740 | D:15     | Noticed Rupert
 20784 | D:15     | Noticed a storm dragon
 20785 | D:15     | Noticed Layddamu's ghost (journeyman HuFi)
 20793 | D:15     | Found a transporter.
 20835 | D:15     | Found a transporter.
 20968 | D:15     | Reached skill level 12 in Dodging
 21015 | D:15     | Reached skill level 13 in Dodging
 21121 | D:15     | Reached skill level 14 in Dodging
 21239 | D:15     | Reached XP level 16. HP: 98/98 MP: 37/37
 21257 | D:15     | Found a staircase to the Depths.
 21302 | D:15     | Noticed Roxanne
 21350 | D:15     | Killed Rupert
 21351 | D:15     | Reached skill level 15 in Dodging
 21711 | Spider:1 | Entered Level 1 of the Spider Nest
 21995 | Spider:1 | Reached skill level 16 in Dodging
 22040 | Spider:1 | Learned a level 4 spell: Dimensional Bullseye
 22046 | Spider:1 | Noticed Asterion
 22160 | Spider:1 | Reached skill level 17 in Dodging
 22335 | Spider:1 | Reached ****** piety under Ashenzari
 22423 | Spider:1 | Noticed an Executioner
 22445 | Spider:1 | Killed Asterion
 22804 | Spider:2 | Reached skill level 8 in Fighting
 22940 | Spider:2 | Learned a level 6 spell: Dispersal
 22949 | Spider:2 | Learned a level 8 spell: Summon Horrible Things
 23117 | Spider:2 | Identified the +0 robe of Regorimy {rC+ Will+}
 23497 | Spider:3 | Reached skill level 9 in Fighting
 23778 | Spider:3 | Noticed Arachne
 23791 | Spider:3 | Killed Arachne
 23792 | Spider:3 | Reached skill level 10 in Fighting
 24461 | Spider:3 | Reached skill level 11 in Fighting
 24877 | Spider:4 | Entered Level 4 of the Spider Nest
 25275 | Spider:4 | Reached XP level 17. HP: 114/114 MP: 39/39
 25351 | Spider:4 | Learned a level 5 spell: Irradiate
 25381 | Spider:4 | Reached skill level 1 in Transmutations
 25411 | Spider:4 | Reached skill level 2 in Transmutations
 25478 | Spider:4 | Reached skill level 4 in Conjurations
 25565 | Spider:4 | Reached skill level 3 in Transmutations
 25842 | Spider:4 | Reached skill level 5 in Conjurations
 25843 | Spider:4 | Reached skill level 4 in Transmutations
 26040 | Spider:4 | Reached skill level 2 in Stealth
 26079 | Spider:4 | Reached skill level 3 in Stealth
 26265 | Spider:4 | Got a gossamer rune of Zot
 26478 | Shoals:1 | Entered Level 1 of the Shoals
 26489 | Shoals:1 | Reached skill level 5 in Armour
 26489 | Shoals:1 | Reached skill level 4 in Stealth
 26643 | Shoals:1 | Reached skill level 5 in Stealth
 26983 | Shoals:1 | Found a frozen archway.
 26995 | Shoals:1 | You pick up a book of Death and begin reading...
 26995 | Shoals:1 | You add the spells Animate Dead, Haunt and Infestation to
                  | your library.
 27038 | IceCv    | Entered an ice cave
 27319 | IceCv    | Reached skill level 18 in Ranged Weapons
 27652 | IceCv    | Found a viscous altar of Jiyva.
 27664 | IceCv    | Identified the ring of the Writhing Messenger {Ice rElec
                  | Str+3}
 27796 | IceCv    | Identified a +1 crystal plate armour of cold resistance
 28279 | Shoals:2 | Reached skill level 19 in Ranged Weapons
 28446 | Shoals:2 | You pick up a book of Air and begin reading...
 28450 | Shoals:2 | Found a runed translucent gate.
 28450 | Shoals:2 | Found a runed translucent gate.
 28450 | Shoals:2 | Found a runed translucent gate.
 28451 | Shoals:2 | Noticed Ruadaysu's ghost (adept NaSh)
 28451 | Shoals:2 | Identified the +5 cloak "Zoyd" {Dex+3}
 28451 | Shoals:2 | Identified the +2 helmet of Osucare {rElec}
 28464 | Shoals:2 | Found a gateway to a bazaar.
 28475 | Bazaar   | Entered a bazaar
 28517 | Bazaar   | Found Yntica's Antique Weapon Boutique.
 28563 | Bazaar   | Found Unar's Antique Armour Boutique.
 28603 | Bazaar   | Found Oveguori's Antique Armour Emporium.
 28665 | Bazaar   | Found Miavasabi's Magic Scroll Shoppe.
 28670 | Bazaar   | Bought a scroll of acquirement for 468 gold pieces
 28700 | Bazaar   | Found Peos's Armour Emporium.
 28707 | Bazaar   | Acquired 749 gold pieces
 28731 | Bazaar   | Bought a faintly humming leather armour for 245 gold pieces
 28731 | Bazaar   | Identified the +0 leather armour of the Brewing Gods
                  | {+Blink rC- Str+4 Slay+2} (You bought it in a shop in a
                  | bazaar)
 28757 | Shoals:2 | Reached skill level 13 in Spellcasting
 29152 | Shoals:2 | Reached XP level 18. HP: 122/122 MP: 42/42
 29619 | Shoals:2 | magus.rc [v1.9.6]
 29800 | Shoals:3 | Reached skill level 14 in Spellcasting
 29846 | Shoals:3 | Reached skill level 20 in Ranged Weapons
 30306 | Shoals:3 | Noticed Polyphemus
 30317 | Shoals:3 | Killed Polyphemus
 30338 | Shoals:4 | Entered Level 4 of the Shoals
 30338 | Shoals:4 | Found a transporter.
 30338 | Shoals:4 | Found a transporter.
 30347 | Shoals:4 | You pick up a book of Weapons and begin reading...
 30367 | Shoals:4 | Reached skill level 15 in Spellcasting
 30490 | Shoals:4 | Noticed NigelTetley's ghost (adept DgGl)
 30490 | Shoals:4 | Identified the ring "Ifrac" {Int+6 Dex+4}
 30509 | Shoals:4 | Noticed Louise
 30521 | Shoals:4 | magus.rc [v1.9.6]
 30521 | Shoals:4 | magus.rc [v1.9.6]
 30606 | Shoals:4 | Killed Louise
 30697 | Shoals:4 | Reached skill level 21 in Ranged Weapons
 30736 | Shoals:4 | Got a barnacled rune of Zot
 30797 | Shoals:4 | Found Femene's General Store.
 30798 | Shoals:4 | Found Moeffiz's Specific Store.
 30803 | Shoals:4 | You pick up a book of Alchemy and begin reading...
 30820 | Shoals:4 | Bought a scroll of blinking for 135 gold pieces
 30939 | Shoals:4 | Identified the Tome of the Magpie
 30951 | Shoals:4 | Reached skill level 16 in Spellcasting
 30988 | Shoals:4 | You add the spells Freeze, Freezing Cloud and Metabolic
                  | Englaciation to your library.
 31242 | Shoals:4 | Identified the staff "Kiemup" {rN++ Stlth+ Earth}
 31304 | Shoals:4 | Identified the +8 shortbow of Instinct {freeze, rC- Dex+4}
 31574 | Vaults:1 | Entered Level 1 of the Vaults
 31583 | Vaults:1 | Reached skill level 1 in Shapeshifting
 31652 | Vaults:1 | Reached skill level 2 in Shapeshifting
 31662 | Vaults:1 | Reached skill level 3 in Shapeshifting
 31682 | Vaults:1 | Found a magical portal.
 31766 | WizLab   | Entered Wucad Mu's Monastery
 31910 | WizLab   | Found the crystal ball of Wucad Mu {*channel}
 31968 | WizLab   | You pick up a book of Hexes and begin reading...
 31968 | WizLab   | You add the spells Cause Fear and Enfeeble to your library.
 31974 | WizLab   | Identified a potion of experience
 31982 | WizLab   | Reached skill level 6 in Shapeshifting
 31982 | WizLab   | Reached XP level 19. HP: 127/127 MP: 46/46
 32240 | Vaults:1 | Reached skill level 7 in Shapeshifting
 32528 | Vaults:1 | Reached skill level 8 in Shapeshifting
 32636 | Vaults:1 | Reached XP level 20. HP: 132/132 MP: 40/47
 32764 | Vaults:1 | Reached skill level 9 in Shapeshifting
 33273 | Vaults:1 | Reached skill level 10 in Shapeshifting
 33366 | Vaults:1 | Identified the +0 helmet of Truth {-Tele rC++ Dex+3 Stlth+}
 33556 | D:15     | Killed Layddamu's ghost
 33668 | Vaults:1 | magus.rc [v1.9.6]
 33830 | Vaults:2 | Reached skill level 11 in Shapeshifting
 34265 | Vaults:2 | Found a staircase to the Crypt.
 34265 | Vaults:2 | Found an ancient bone altar of Kikubaaqudgha.
 34265 | Vaults:2 | Found a basalt altar of Yredelemnul.
 34291 | Vaults:2 | Reached skill level 12 in Shapeshifting
 34572 | Vaults:2 | You add the spells Cigotuvi's Dreadful Rot and Ignite
                  | Poison to your library.
 34820 | Vaults:2 | Identified the ring "Tantamio" {rC+ rN+ MP+9 Int+3}
 34839 | Vaults:2 | Reached skill level 13 in Shapeshifting
 34841 | Vaults:2 | +0 shadow dragon scales {rare}; a shadow dragon corpse
 34843 | Vaults:2 | Found the +10 tower shield of Ignorance {rN+ Int-4}
 34876 | Vaults:2 | Identified the +5 whip of Moderation {heavy, *Rage rPois
                  | rF+ rN+}
 34894 | Vaults:2 | +0 shadow dragon scales {rare}; a shadow dragon corpse
 35442 | Vaults:3 | Reached skill level 14 in Shapeshifting
 35784 | Vaults:3 | Reached skill level 15 in Shapeshifting
 35930 | Vaults:3 | Found Kerphabe's Armour Emporium.
 36000 | Vaults:3 | Noticed Frederick
 36007 | Vaults:3 | Killed Frederick
 36351 | Vaults:3 | Reached XP level 21. HP: 140/140 MP: 49/49
 37202 | Vaults:4 | Found a runed translucent door.
 37203 | Vaults:4 | Noticed Nizokhlo's ghost (veteran DrCj)
 37220 | Vaults:4 | Reached skill level 16 in Shapeshifting
 37356 | Vaults:4 | Identified +0 pearl dragon scales
 37398 | Vaults:4 | b - +0 pearl dragon scales {rare=g}
 37403 | Vaults:4 | your +0 pearl dragon scales {rare=g} glow green for a
                  | moment.
 37404 | Vaults:4 | your +1 pearl dragon scales {rare=g} glow green for a
                  | moment.
 37524 | Vaults:4 | Paralysed by a formless jellyfish for 1 turns
 37805 | Vaults:4 | Reached skill level 17 in Shapeshifting
 37875 | Vaults:4 | Found a portal to a secret trove of treasure.
 38359 | Vaults:4 | You paid a toll of 12 potions of heal wounds to enter a
                  | treasure trove
 38360 | Trove    | Entered a treasure trove
 38362 | Trove    | Identified the +0 scale mail of the Comet {Int+5}
 38362 | Trove    | Identified the +0 chain mail "Siotem" {rN+}
 38364 | Trove    | Identified the +1 leather armour of Joy {rElec MP-9 Dex+7}
 38364 | Trove    | Identified the +0 kite shield of Voracious Surprise {MP-9
                  | Dex+3}
 38364 | Trove    | Identified the -1 cloak of Dim Light {rPois rC- Dex+3}
 38364 | Trove    | Identified the +2 pair of gloves "Taimonuv" {Contam rC+
                  | Dex+3}
 38714 | Depths:1 | Entered Level 1 of the Depths
 38776 | Depths:1 | Found a shadowy altar of Dithmenos.
 38864 | Depths:1 | Found the +27 heavy crossbow "Sniper" {heavy, Acc+∞ SInv}
 38942 | Depths:1 | Paralysed by a floating eye for 2 turns
 39091 | Depths:1 | Noticed Bai Suzhen
 39091 | Depths:1 | Identified the +4 long sword "Yciung" {flame, +Blink Str+4}
 39207 | Depths:1 | You pick up a book of Unlife and begin reading...
 39207 | Depths:1 | You add the spells Borgnjor's Vile Clutch and Death Channel
                  | to your library.
 39440 | Depths:1 | Killed Bai Suzhen
 39586 | Depths:1 | Reached skill level 18 in Shapeshifting
 39771 | Depths:1 | Found a one-way gate to the infinite horrors of the Abyss.
 39773 | Depths:1 | Found a gateway to Hell.
 39773 | Depths:1 | Found Ecustrirr's Book Emporium.
 39774 | Depths:1 | Found Ziocw's Jewellery Shop.
 39775 | Depths:1 | Found Quf Pogy's Book Emporium.
 40188 | Depths:1 | You pick up a book of Alchemy and begin reading...
 40351 | Depths:1 | Bought a ring of protection from fire for 375 gold pieces
 40556 | Depths:2 | HP: 27/128 [disintegration (56)]
 40556 | Depths:2 | Blown up by a conjurer statue

Vanquished Creatures
  Bai Suzhen (Depths:1)
  A lich (Depths:1)
  Asterion (Spider:1)
  2 sphinxes (Vaults:3)
  Polyphemus (Shoals:3)
  A kraken (Shoals:2)
  Kirke (Lair:4)
  A shadow dragon (Vaults:2)
  A tengu reaver (Vaults:2)
  2 fire giants
  A fenstrider witch (Shoals:3)
  3 emperor scorpions (Spider:4)
  An azure jelly (IceCv)
  5 vault wardens
  4 ghost moths
  2 stone giants
  An orc warlord (Vaults:3)
  11 ironbound preservers
  4 quicksilver oozes (IceCv)
  9 ironbound thunderhulks
  4 war gargoyles
  4 broodmothers
  A formless jellyfish (Vaults:4)
  A deep elf demonologist (Vaults:3)
  4 very ugly things (Depths:1)
  An ophan (Depths:1)
  A vampire knight (Depths:1)
  Nessos (D:14)
  The ghost of Calechis the Cleaver, a journeyman VSSh of Hepliaklqana (Orc:2)
  A spark wasp (Spider:3)
  A deep elf annihilator (Depths:2)
  8 dire elephants
  A statue (Depths:2)
  A merfolk javelineer (Shoals:2)
  Snorg (Orc:1)
  A fire dragon (Depths:2)
  7 merfolk impalers
  An ettin (D:15)
  A crystal guardian (Vaults:3)
  6 entropy weavers
  7 great orbs of eyes
  7 yaktaur captains
  The ghost of Gruesome the Geomancer, a journeyman GrEE of Vehumet (Lair:4)
  A rakshasa (Depths:1)
  2 peacekeepers (Vaults:3)
  A hydra (shapeshifter) (D:15)
  A deep elf high priest (Vaults:1)
  An ice dragon (Lair:5)
  Erolcha (Orc:2)
  A jorogumo (Spider:3)
  Erica (D:9)
  5 hydras
  2 ogre magi (D:15)
  2 catoblepae
  A spriggan air mage (Depths:2)
  3 alligator snapping turtles
  2 radroaches
  11 centaur warriors
  4 ironbound frosthearts
  8 boulder beetles
  6 death yaks
  2 merfolk avatars (Shoals:2)
  4 satyrs
  2 dancing weapons (D:13)
  A sphinx skeleton (Vaults:1)
  2 deep troll shamans (Depths:1)
  9 two-headed ogres
  4 merfolk aquamancers
  3 orc high priests (Orc:2)
  Sonja (Lair:4)
  6 demonic crawlers
  5 skysharks
  4 pharaoh ants
  9 sea snakes
  3 orange crystal statues
  A glowing orange brain (Depths:1)
  10 orb spiders
  9 lindwurms
  26 deep trolls
  10 harpies
  11 orc knights
  24 ironbound convokers
  7 wizards
  2 necromancers
  2 steelbarb worms (Spider:4)
  A phantasmal warrior (Vaults:1)
  2 deep elf pyromancers
  18 ugly things
  4 orc sorcerers (Orc:2)
  A stone giant skeleton (Vaults:1)
  8 cyclopes
  13 manticores
  A shining eye (Depths:1)
  19 wolf spiders
  6 moths of wrath
  7 fauns
  8 black mambas
  5 merfolk sirens
  An eye of devastation (Depths:1)
  9 vault sentinels
  An ice statue (Shoals:2)
  2 water nymphs
  Joseph (D:7)
  6 torpor snails
  11 elephants
  9 cane toads
  3 unseen horrors
  4 rime drakes
  14 komodo dragons
  An efreet (D:15)
  4 freezing wraiths
  15 yaktaurs
  2 tengu conjurers
  20 merfolk
  3 tyrant leeches (Lair:5)
  Grinder (D:5)
  22 tarantellas
  A merfolk (shapeshifter) (Depths:1)
  3 meliai (Spider:3)
  13 polar bears
  A hornet (shapeshifter) (Vaults:2)
  6 hornets (Lair:5)
  6 trolls
  6 wind drakes
  Prince Ribbit (D:7)
  17 blink frogs
  3 raiju (Lair:5)
  14 dream sheep
  19 jumping spiders
  6 snapping turtles
  19 slime creatures
  3 centaur simulacra (D:11)
  11 water elementals
  A shadow (D:11)
  58 yaks
  14 culicivoras
  4 hogs (Lair:4)
  9 wyverns
  Grum (D:8)
  2 golden eyes (Depths:1)
  36 redbacks
  8 basilisks
  A steam dragon (Shoals:1)
  11 vampire mosquitoes
  Menkaure (D:7)
  An elf skeleton (Vaults:1)
  3 acid dragons
  6 wargs
  14 hell hounds (Lair:5)
  17 water moccasins
  A floating eye (Depths:1)
  A meliai simulacrum (D:15)
  31 orc warriors
  11 ice beasts
  12 black bears
  9 ogres
  7 great orb of eyes simulacra (IceCv)
  A centaur (D:7)
  22 wolves
  5 slime creature simulacra (IceCv)
  A kobold brigand (D:6)
  7 bullfrogs
  2 gnoll sergeants
  4 glowing shapeshifter simulacra
  4 scorpions
  8 killer bees
  9 electric eels
  2 howler monkeys
  2 jellies
  24 orc priests
  2 hounds
  2 sleepcaps (D:4)
  Natasha (twice) (D:2)
  5 iguanas
  18 orc wizards
  7 hell rats (Lair:3)
  19 gnolls
  10 adders
  A river rat (D:6)
  A shadow imp (D:6)
  6 white imps
  6 ufetubi
  A worm (D:6)
  3 dart slugs
  108 orcs
  4 ball pythons
  7 bats
  4 endoplasms
  4 giant cockroaches
  11 goblins
  11 hobgoblins
  4 jackals (D:1)
  A quokka (D:4)
  2 frilled lizards
  10 kobolds
  6 rats
  A spectral orc (D:4)
  A tentacle (Shoals:2)
1283 creatures vanquished.

Vanquished Creatures (collateral kills)
  Frederick (Vaults:3)
  Arachne (Spider:3)
  Rupert (D:15)
  A storm dragon (D:15)
  A rockslime (IceCv)
  A fire giant (Depths:1)
  An azure jelly (IceCv)
  2 vault wardens
  Louise (Shoals:4)
  3 emperor scorpions (Spider:4)
  The ghost of Layddamu the Basher, a journeyman HuFi of Okawaru (D:15)
  2 ironbound preservers (Vaults:2)
  A stone giant (D:15)
  A quicksilver ooze (IceCv)
  An orc warlord (Vaults:1)
  An ironbound thunderhulk (Vaults:3)
  4 dire elephants
  2 crystal guardians (Vaults:3)
  A merfolk javelineer (Shoals:4)
  2 yaktaur captains
  A merfolk impaler (Shoals:3)
  2 great orbs of eyes
  A hydra (D:15)
  A vault guard (Vaults:1)
  4 centaur warriors
  A peacekeeper (Vaults:3)
  3 ironbound frosthearts
  4 merfolk aquamancers
  An alligator snapping turtle (Shoals:4)
  A sphinx skeleton (Vaults:2)
  A demonic crawler (Spider:3)
  An orc high priest (Orc:2)
  A skeletal warrior (D:15)
  A nameless horror (Vaults:3)
  A pharaoh ant (Spider:1)
  2 sun moths
  13 deep trolls
  2 sea snakes
  An orb spider (Spider:4)
  5 ironbound convokers
  2 harpies (Shoals:4)
  A steelbarb worm (shapeshifter) (Vaults:1)
  2 orc knights (Vaults:3)
  2 fauns
  2 shining eyes (Depths:1)
  A wolf spider (Spider:4)
  2 cyclopes
  5 manticores (Shoals:4)
  A merfolk siren (Shoals:1)
  4 water nymphs
  3 vault sentinels (Vaults:3)
  2 yaktaurs
  2 rime drakes (Shoals:1)
  A freezing wraith (D:15)
  15 merfolk
  A yaktaur skeleton (Vaults:2)
  2 wind drakes (Shoals:4)
  5 dream sheep
  A human simulacrum (Vaults:2)
  4 snapping turtles
  6 tarantellas
  6 slime creatures
  5 jumping spiders
  2 culicivoras (Spider:1)
  A water elemental (Shoals:2)
  A golden eye (Depths:1)
  A steam dragon (Shoals:1)
  4 redbacks
  4 orc warriors (Orc:2)
164 creatures vanquished.

Vanquished Creatures (others)
  66 eldritch tentacles
  A nameless horror (Shoals:2)
  A jumping spider (Spider:2)
  76 foxfires
  4 tentacles (Shoals:2)
148 creatures vanquished.

Grand Total: 1595 creatures vanquished

Table legend:
 A = Non-vault XP
 B = Vault XP
 C = Vault XP percentage of total XP
 D = Non-vault monster count
 E = Vault monster count
 F = Vault count percentage of total count
                 A         B        C        D         E       F
            +---------+---------+-------+---------+---------+-------
      Total |  319966 |  246215 |  43.5 |     928 |     519 |  35.9
            +---------+---------+-------+---------+---------+-------
        D:1 |      39 |       3 |   7.1 |      21 |       2 |   8.7
        D:2 |     144 |      37 |  20.4 |      23 |       1 |   4.2
        D:3 |      77 |       0 |   0.0 |      14 |       0 |   0.0
        D:4 |     338 |      17 |   4.8 |      23 |       9 |  28.1
        D:5 |     795 |     392 |  33.0 |      35 |       3 |   7.9
        D:6 |    1104 |      35 |   3.1 |      20 |       7 |  25.9
        D:7 |     893 |     874 |  49.5 |      11 |       3 |  21.4
        D:8 |    1619 |     439 |  21.3 |      26 |       3 |  10.3
        D:9 |    1782 |    1357 |  43.2 |      17 |       4 |  19.0
       D:10 |    2376 |    1695 |  41.6 |      17 |       9 |  34.6
       D:11 |    3511 |    3582 |  50.5 |      28 |      23 |  45.1
       D:12 |    6036 |     408 |   6.3 |      21 |      22 |  51.2
       D:13 |    4085 |    1654 |  28.8 |       8 |       2 |  20.0
       D:14 |   11168 |    1019 |   8.4 |      24 |       1 |   4.0
       D:15 |   11534 |   13570 |  54.1 |      18 |      16 |  47.1
     Lair:1 |    5893 |    1663 |  22.0 |      21 |       4 |  16.0
     Lair:2 |    7579 |    1468 |  16.2 |      25 |       3 |  10.7
     Lair:3 |    5441 |     780 |  12.5 |      23 |       2 |   8.0
     Lair:4 |   10426 |    4628 |  30.7 |      29 |      10 |  25.6
     Lair:5 |   17520 |   17840 |  50.5 |      52 |      77 |  59.7
   Shoals:1 |   10551 |    2735 |  20.6 |      22 |       9 |  29.0
   Shoals:2 |   18916 |    2642 |  12.3 |      35 |       5 |  12.5
   Shoals:3 |   20559 |    3730 |  15.4 |      43 |       3 |   6.5
   Shoals:4 |    6897 |   22719 |  76.7 |      15 |      41 |  73.2
   Spider:1 |   12949 |    1696 |  11.6 |      34 |       1 |   2.9
   Spider:2 |    7474 |    4875 |  39.5 |      20 |       8 |  28.6
   Spider:3 |   26237 |    5491 |  17.3 |      56 |      11 |  16.4
   Spider:4 |   13834 |   16295 |  54.1 |      26 |      34 |  56.7
      Orc:1 |    2819 |     939 |  25.0 |      38 |       1 |   2.6
      Orc:2 |    3482 |   12433 |  78.1 |      37 |      39 |  51.3
   Vaults:1 |   32237 |   13545 |  29.6 |      42 |      15 |  26.3
   Vaults:2 |   10677 |   28791 |  72.9 |      20 |      37 |  64.9
   Vaults:3 |   22132 |   31331 |  58.6 |      33 |      36 |  52.2
   Vaults:4 |   19069 |   20015 |  51.2 |      27 |      27 |  50.0
   Depths:1 |   17069 |    9389 |  35.5 |      18 |      13 |  41.9
   Depths:2 |    1993 |    2307 |  53.7 |       3 |       3 |  50.0
      IceCv |     711 |   14875 |  95.4 |       3 |      34 |  91.9
     WizLab |       0 |     946 | 100.0 |       0 |       1 | 100.0
            +---------+---------+-------+---------+---------+-------

Skill      XL: |  1  2  3  4  5  6  7  8  9 10 11 12 13 14 15 16 17 18 19 20 21 |
---------------+----------------------------------------------------------------+-----
Spellcasting   | 2 3 9 10 12 13 16 | 16.7
Fire Magic     | 1 |  1.7
Conjurations   | 3 5 |  5.5
Ranged Weapons | 2 4 6 8 11 14 17 19 21 | 21.0
Fighting       | 5 7 11 | 11.8
Dodging        | 7 10 14 17 | 17.4
Armour         | 2 4 5 |  5.6
Translocations | 1 5 9 12 13 | 13.5
Evocations     | 7 8 |  8.0
Summonings     | 7 12 14 | 14.2
Transmutations | 4 |  4.4
Stealth        | 5 |  5.6
Shapeshifting  | 6 8 15 18 | 18.5
Shields        | |  2.4

Action                     |  1- 3 |  4- 6 |  7- 9 | 10-12 | 13-15 | 16-18 | 19-21 || total
---------------------------+-------+-------+-------+-------+-------+-------+-------++-------
  Melee: Mace              |    15 |       |       |       |       |       |       ||    15
   Fire: Longbow           |    19 |    77 |   181 |   461 |  1228 |  1301 |   829 ||  4096
   Cast: Foxfire           |    47 |       |       |       |       |     1 |       ||    48
         Passage of Golubr |       |       |       |     1 |    10 |     4 |     1 ||    16
         Teleport Other    |       |       |       |       |     1 |       |       ||     1
         Malign Gateway    |       |       |       |       |     1 |    41 |    24 ||    66
         Dimensional Bulls |       |       |       |       |       |    22 |    16 ||    38
         Summon Horrible T |       |       |       |       |       |     5 |    12 ||    17
         Irradiate         |       |       |       |       |       |     3 |       ||     3
         Dispersal         |       |       |       |       |       |     3 |     2 ||     5
 Invoke: Curse Item        |       |     1 |     2 |     4 |     3 |     4 |     2 ||    16
         Shatter the Chain |       |       |       |       |     2 |     3 |     3 ||     8
  Evoke: Wand              |       |       |       |       |     2 |     3 |     2 ||     7
         Tin of tremorston |       |       |       |       |       |     1 |     3 ||     4
    Use: Scroll            |       |       |     1 |     1 |     5 |     5 |     2 ||    14
         Potion            |       |       |       |       |       |     5 |       ||     5
 Armour: Robe              |    22 |     1 |       |       |       |       |       ||    23
         Leather armour    |       |     6 |    24 |    37 |    95 |   178 |   133 ||   473
         Acid dragon scale |       |       |       |       |    27 |       |       ||    27
         Troll leather arm |       |       |       |       |     2 |       |       ||     2
  Dodge: Dodged            |    28 |     9 |    40 |    64 |   334 |   681 |   314 ||  1470
  Block: Buckler           |    12 |       |       |       |       |       |       ||    12
   Form: Death             |       |       |       |       |       |       |     2 ||     2
                           |       |       |       |       |       |       |     1 ||     1

Illustrated notes

Table legend:
 A = Kills in this place as a percentage of kills in the entire game.
 B = Kills by you in this place as a percentage of kills by you in the entire game.
 C = Kills by friends in this place as a percentage of kills by friends in the entire game.
 D = Other kills in this place as a percentage of other kills in the entire game.
 E = Experience gained in this place as a percentage of experience gained in the entire game.
 F = Experience gained in this place divided by the number of levels of this place that you have seen.
                   A       B       C       D       E      F
               +-------+-------+-------+-------+-------+----------------------
         Total | 100.0 | 100.0 | 100.0 | 100.0 | 100.0 | 13809.3
       Dungeon |  28.4 |  31.5 |   4.3 |   0.0 |  12.5 | 4705.5
          Lair |  17.0 |  19.2 |   0.0 |   0.0 |  12.9 | 14647.6
        Shoals |  12.0 |   9.1 |  34.4 |   0.0 |  15.7 | 22187.2
   Spider Nest |  13.1 |  12.6 |  16.6 |  50.0 |  15.7 | 22212.8
  Orcish Mines |   7.9 |   8.6 |   3.1 |   0.0 |   3.5 | 9836.5
        Vaults |  16.4 |  13.8 |  36.2 |  50.0 |  31.4 | 44449.2
        Depths |   2.6 |   2.4 |   3.7 |   0.0 |   5.4 | 15379.0
      Ice Cave |   2.6 |   2.7 |   1.8 |   0.0 |   2.8 | 15586.0
        Wizlab |   0.1 |   0.1 |   0.0 |   0.0 |   0.2 | 946.0
               +-------+-------+-------+-------+-------+----------------------

Table legend: (Time is in decaauts)
 A = Elapsed time spent in this place.
 B = Non-inter-level travel time spent in this place.
 C = Inter-level travel time spent in this place.
 D = Time resting spent in this place.
 E = Time spent auto-exploring this place.
 F = Levels seen in this place.
 G = Mean time per level.
                   A        B        C        D        E       F      G
               +--------+--------+--------+--------+--------+-----+--------+
         Total |  40117 |  36398 |   3719 |   4541 |  23956 |  41 |  978.5 |
       Dungeon |  13973 |  12444 |   1529 |   1184 |   9515 |  15 |  931.5 |
        Temple |      1 |      1 |      0 |      0 |      0 |   1 |    1.0 |
          Lair |   5961 |   5288 |    673 |    422 |   3757 |   5 | 1192.2 |
        Shoals |   3983 |   3644 |    339 |    435 |   2054 |   4 |  995.8 |
   Spider Nest |   4587 |   4247 |    340 |    875 |   2342 |   4 | 1146.8 |
  Orcish Mines |   2037 |   1871 |    166 |    192 |   1274 |   2 | 1018.5 |
        Vaults |   6399 |   5826 |    573 |   1180 |   3314 |   4 | 1599.8 |
        Depths |   1805 |   1708 |     97 |     70 |   1244 |   2 |  902.5 |
        Bazaar |    275 |    275 |      0 |      0 |    229 |   1 |  275.0 |
         Trove |     50 |     50 |      0 |      0 |      0 |   1 |   50.0 |
      Ice Cave |    758 |    758 |      0 |    178 |    201 |   1 |  758.0 |
        Wizlab |    282 |    282 |      0 |      3 |     25 |   1 |  282.0 |
               +--------+--------+--------+--------+--------+-----+--------+

Top non-repeatable levels by time:
Spider:3: 1771 daAuts
  Lair:5: 1750 daAuts
Vaults:3: 1703 daAuts
Vaults:2: 1677 daAuts
Vaults:1: 1649 daAuts
Depths:1: 1639 daAuts
   Orc:2: 1474 daAuts
Vaults:4: 1368 daAuts
     D:6: 1191 daAuts
     D:2: 1187 daAuts
     D:5: 1180 daAuts
Shoals:1: 1167 daAuts
  Lair:4: 1134 daAuts
    D:14: 1120 daAuts
    D:11: 1109 daAuts
